 Dungeon Crawl Stone Soup version 0.19.0 (webtiles) character file.

413 varam the Shield-Bearer (level 6, -9/37 HPs)
             Began as a Gargoyle Fighter on Nov 1, 2016.
             Killed by divine providence
             ... invoked by an orc priest
              (10 damage)
             ... on level 4 of the Dungeon.
             The game lasted 00:05:33 (2981 turns).

varam the Shield-Bearer (Gargoyle Fighter)          Turns: 2981, Time: 00:05:33

Health: -9/37      AC: 11    Str: 19    XL:     6   Next: 90%
Magic:  6/6        EV:  7    Int: 10    God:
Gold:   150        SH: 10    Dex: 10    Spells: 0 memorised, 5 levels left

rFire  . . .     SeeInvis .     x - +2 whip (flame)
rCold  . . .     Gourm    .     b - +0 scale mail
rNeg   + + .     Faith    .     c - +0 shield
rPois  ∞         Spirit   .     (no helmet)
rElec  +         Reflect  .     (no cloak)
rCorr  .         Harm     .     (no gloves)
MR     .....                    (no boots)
Stlth  ..........               A - amulet of magic regeneration
                                (no ring)
                                v - ring of positive energy

@: no status effects
A: negative energy resistance 1, electricity resistance, unbreathing,
petrification resistance, rot immunity, AC +4
a: no special abilities


You were on level 4 of the Dungeon.
You were not hungry.

You visited 1 branch of the dungeon, and saw 4 of its levels.

You collected 150 gold pieces.

Inventory:

Hand Weapons
 a - a +0 flail
 x - a +2 whip of flaming (weapon)
Armour
 b - a +0 scale mail (worn)
 c - a +0 shield (worn)
Jewellery
 v - a ring of positive energy (left hand)
 w - an uncursed amulet of the gourmand
 A - an amulet of magic regeneration (around neck)
Scrolls
 g - 6 scrolls of identify {unknown}
 h - 2 scrolls of remove curse
 i - a scroll of recharging {unknown}
 l - 2 scrolls of teleportation {unknown}
 m - a scroll of random uselessness {unknown}
 o - a scroll of fog {unknown}
 r - 2 scrolls of enchant weapon {unknown}
 B - 2 scrolls of immolation {unknown}
 E - 2 scrolls of fear {unknown}
 F - a scroll of amnesia {unknown}
 G - a scroll of enchant armour {unknown}
Potions
 d - 2 potions of might
 e - a potion of degeneration {unknown}
 j - 2 potions of heal wounds {unknown}
 k - 2 potions of curing {unknown}
 p - a potion of ambrosia {unknown}
 q - 2 potions of mutation {unknown}
 t - a potion of invisibility {unknown}
 C - a potion of haste {unknown}
Books
 y - a book of the Dragon

   Spells                             Type                      Level
   a - Flame Tongue                   Conjuration/Fire             1
   b - Cause Fear                     Hexes                        4
   c - Bolt of Fire                   Conjuration/Fire             6
   d - Dragon Form                    Transmutation                7
   e - Dragon's Call                  Summoning                    9
 D - a book of Maledictions

   Spells                             Type                      Level
   a - Corona                         Hexes                        1
   b - Ensorcelled Hibernation        Hexes/Ice                    2
   c - Confuse                        Hexes                        3
   d - Tukima's Dance                 Hexes                        3
   e - Dazzling Spray                 Conjuration/Hexes            3
Comestibles
 f - 2 bread rations
 n - 12 fruits
 s - a meat ration
 u - a royal jelly


   Skills:
 - Level 3.2 Fighting
 + Level 5.0 Maces & Flails
 - Level 3.2 Armour
 + Level 6.4 Shields


You had 5 spell levels left.
You didn't know any spells.

Dungeon Overview and Level Annotations

Branches:
Dungeon (4/15)             Temple (0/1) D:4

Altars:
Ru

Annotations:
D:3 Franakus's ghost, amateur OpVM


Innate Abilities, Weirdness & Mutations

You are resistant to torment.
Your stone body is resilient. (AC +4)
You are immune to poison.
You resist negative energy. (rN+)
You are resistant to electric shocks. (rElec)
You can survive without breathing.
You are immune to petrification.
You are immune to rotting.


Message History

You hit the orc wizard. You burn the orc wizard.
You kill the orc wizard!
Your Maces & Flails skill increases to level 5!
You hit the orc. You burn the orc.
The orc is heavily wounded.
The orc hits you with a flail.
* * * LOW HITPOINT WARNING * * *
The orc priest miscasts a cantrip.
You whack the orc! You burn the orc.
You kill the orc!
You hit the orc priest. You burn the orc priest.
The orc priest is severely wounded.
The orc priest hits you but does no damage.
You hit the orc priest but do no damage.
The orc priest is severely wounded.
You hit the orc priest but do no damage.
The orc priest is severely wounded.
The orc priest calls down the wrath of Beogh upon you.
Beogh smites you!
You die...

# #### ## ### #..# .## ##.#
#####..### #.### ##########@##
####.........
#...###........o#####............
#...............###..............
#.....#....####.#................
....###..### ##.o......).........
....# ##..# ##.†.................
....# #..###....................
....# #....#..).................
....####.........................


You could see an orc priest.

Vanquished Creatures
  A phantom (D:4)
  A scorpion (D:4)
  A howler monkey (D:4)
  A hound (D:4)
  2 orc wizards
  A hound skeleton (D:4)
  A gnoll (D:1)
  6 adders
  An ooze (D:3)
  An adder skeleton (D:4)
  A worm (D:2)
  3 dart slugs
  3 leopard geckos
  4 orcs (D:4)
  2 ball pythons
  5 bats
  6 giant cockroaches
  3 goblins
  7 hobgoblins
  5 jackals
  2 quokkas (D:2)
  3 frilled lizards
  8 kobolds
  6 rats
74 creatures vanquished.

Notes
Turn   | Place    | Note
-------+----------+-------------------------------------------
     0 | D:1      | varam the Gargoyle Fighter began the quest for the Orb.
     0 | D:1      | Reached XP level 1. HP: 14/14 MP: 1/1
    66 | D:1      | Reached XP level 2. HP: 17/19 MP: 2/2
   461 | D:1      | Reached skill level 4 in Shields
   461 | D:1      | Reached XP level 3. HP: 12/23 MP: 3/3
   963 | D:2      | Reached skill level 3 in Maces & Flails
  1233 | D:2      | Reached XP level 4. HP: 28/28 MP: 4/4
  1904 | D:3      | Found a sacrificial altar of Ru.
  1922 | D:3      | Reached skill level 5 in Shields
  1922 | D:3      | Reached XP level 5. HP: 29/32 MP: 5/5
  2021 | D:3      | Noticed Franakus's ghost (amateur OpVM)
  2056 | D:4      | Found a staircase to the Ecumenical Temple.
  2252 | D:4      | Reached skill level 4 in Maces & Flails
  2489 | D:4      | Noticed a phantom
  2508 | D:4      | Killed a phantom
  2508 | D:4      | Reached skill level 6 in Shields
  2508 | D:4      | Reached XP level 6. HP: 28/37 MP: 6/6
  2969 | D:4      | HP: 1/37 [orc wizard/dagger (3)]
  2976 | D:4      | Reached skill level 5 in Maces & Flails
  2977 | D:4      | HP: 1/37 [orc/flail (1)]
  2981 | D:4      | Killed from afar by an orc priest

Skill      XL: |  1  2  3  4  5  6 |
---------------+-------------------+-----
Shields        | 4 5 6 |  6.4
Maces & Flails | 3 4 5 |  5.0
Fighting       | |  3.2
Armour         | |  3.2

Action                   |  1- 3 |  4- 6 || total
-------------------------+-------+-------++-------
Melee: Flail             |   132 |   123 ||   255
       Whip              |       |   121 ||   121
  Use: Scroll            |       |     1 ||     1
 Stab: Paralysed         |       |     2 ||     2
  Eat: Chunk             |     1 |    16 ||    17
Armor: Scale mail        |    62 |   132 ||   194
Dodge: Dodged            |    39 |    65 ||   104
Block: Shield            |    73 |   138 ||   211
